 Dungeon Crawl Stone Soup version 0.26-a0-665-gefeb406119 (webtiles) character file.

Game seed: 11755917085782709836

142 somkeydreadnuts the Chopper (level 5, 0/42 HPs)
             Began as a Demonspawn Berserker on Oct 15, 2020.
             Was a Believer of Trog.
             Slain by a mummy (11 damage)
             ... in an ossuary.
             The game lasted 00:09:32 (3082 turns).

somkeydreadnuts the Chopper (Demonspawn Berserker)  Turns: 3082, Time: 00:09:33

Health: 0/42       AC:  9    Str: 16 (19) XL:     5   Next: 3%
Magic:  5/5        EV: 12    Int:  6 (8)  God:    Trog [**....]
Gold:   161        SH:  0    Dex: 16 (18) Spells: 4/4 levels left

rFire    . . .     SeeInvis .   a - +0 hand axe
rCold    . . .     Faith    .   (no shield)
rNeg     . . .     Spirit   .   j - +0 ring mail
rPois    .         Reflect  .   d - +2 hat
rElec    .         Harm     .   c - +0 cloak
rCorr    .         Rampage  .   v - +0 pair of gloves
MR       ++...                  (no boots)
Stlth    +.........             (no amulet)
HPRegen  1.14/turn              p - +6 ring of dexterity
MPRegen  0.09/turn              (no ring)

@: berserk cooldown, regenerating, slowed, very slow
A: powered by death 1
a: Berserk, Trog's Hand, Renounce Religion


You were in an ossuary.
You worshipped Trog.
Trog was pleased with you.
You visited 1 branch of the dungeon, and saw 4 of its levels.
You also visited: Ossuary.

You collected 161 gold pieces.

Inventory:

Hand Weapons
 a - a +0 hand axe (weapon)
Armour
 b - a +0 animal skin
 c - a +0 cloak (worn)
 d - a +2 hat (worn)
 j - a +0 ring mail (worn)
 v - a +0 pair of gloves (worn)
Jewellery
 p - a +6 ring of dexterity (left hand)
Wands
 q - a wand of random effects (4)
Scrolls
 e - 4 scrolls of identify {unknown}
 f - a scroll of amnesia {unknown}
 g - 2 scrolls of teleportation {unknown}
 i - 9 scrolls of remove curse {unknown}
 n - a scroll of noise {unknown}
Potions
 h - 2 potions of berserk rage {unknown}
 k - 2 potions of heal wounds {unknown}
 o - 5 potions of curing {unknown}


   Skills:
 + Level 3.7 Fighting
 + Level 4.1 Axes
 + Level 2.4 Armour
 + Level 2.3 Dodging
 + Level 0.3 Stealth


You had 4 spell levels left.
You didn't know any spells.
Your spell library was empty.

Dungeon Overview and Level Annotations

Branches:
Dungeon (4/15)            Ossuary (1/1)
 Temple: D:4-7

Altars:
Ashenzari
Cheibriados
Elyvilon
Hepliaklqana
Kikubaaqudgha
Vehumet
Xom


Innate Abilities, Weirdness & Mutations

You regenerate a little health from kills.


Message History

You hit the mummy. x2; The mummy barely misses you.
The mummy misses you.
You hit the mummy but do no damage.
The mummy is moderately damaged.
You hit the mummy. You barely miss the mummy. You hit the mummy.
The mummy misses you. The mummy completely misses you. The mummy hits you.
The mummy barely misses you.
You hit the mummy but do no damage.
The mummy is moderately damaged.
You hit the mummy. You barely miss the mummy.
You hit the mummy but do no damage. The mummy misses you. The mummy hits you.
The mummy closely misses you. The mummy hits you.
Your skin crawls.
You feel resistant to hostile enchantments.
The mummy hits you!
* * * LOW HITPOINT WARNING * * *
The mummy misses you. The mummy barely misses you.
You hit the mummy but do no damage.
The mummy is moderately damaged.
You hit the mummy but do no damage.
You hit the mummy. x2; The mummy hits you!
You die...

#....#
#....#
#....#
#....#
#....#
#....#
#.Z..#
#MMM.#
#.@M.#
######


You could see 4 mummies and an orc zombie.

Vanquished Creatures
  A worker ant (D:3)
  4 gnolls
  An adder (D:2)
  2 oozes (D:2)
  3 dart slugs
  A leopard gecko (D:3)
  5 bats
  6 giant cockroaches
  5 hobgoblins
  7 jackals (D:3)
  2 quokkas (D:2)
  2 frilled lizards
  2 gnoll zombies (Ossuary)
  5 goblins
  2 hobgoblin zombies (Ossuary)
  A kobold (D:2)
  A kobold zombie (Ossuary)
  2 orc zombies (Ossuary)
  6 rats
58 creatures vanquished.

Notes
Turn   | Place    | Note
-------+----------+-------------------------------------------
     0 | D:1      | somkeydreadnuts the Demonspawn Berserker began the quest
                  | for the Orb.
     0 | D:1      | Reached XP level 1. HP: 18/18 MP: 1/1
    78 | D:1      | Reached skill level 3 in Axes
    78 | D:1      | Gained mutation: You regenerate a little health from kills.
                  | [demonic ancestry]
    78 | D:1      | Reached XP level 2. HP: 7/24 MP: 2/2
  1218 | D:2      | Reached XP level 3. HP: 24/29 MP: 3/3
  1436 | D:2      | Reached ** piety under Trog
  2020 | D:3      | Reached XP level 4. HP: 35/36 MP: 4/4
  2607 | D:3      | Reached skill level 4 in Axes
  2617 | D:3      | Found a shimmering altar of Xom.
  2623 | D:3      | Found a snail-covered altar of Cheibriados.
  2623 | D:3      | Found a hazy altar of Hepliaklqana.
  2624 | D:3      | Found a radiant altar of Vehumet.
  2625 | D:3      | Found a white marble altar of Elyvilon.
  2630 | D:3      | Found an ancient bone altar of Kikubaaqudgha.
  2631 | D:3      | Found a broken altar of Ashenzari.
  3040 | D:4      | Found a sand-covered staircase.
  3046 | Ossuary  | Entered an ossuary
  3052 | Ossuary  | Reached XP level 5. HP: 42/42 MP: 5/5
  3082 | Ossuary  | Slain by a mummy

Illustrated notes

Levels and vault maps discovered:
D:1:      wander_arrival_lonely_grave, layout_basic
D:2:      layout_loops_ring
D:3:      layout_basic, minitemple
D:4:      layout_gridville, enter_ossuary_2
Ossuary:  ossuary_tomb_3

Skill      XL: |  1  2  3  4 |
---------------+-------------+-----
Axes           | 3 4 |  4.1
Dodging        | 2 |  2.3
Armour         | 2 |  2.4
Fighting       | |  3.7
Stealth        | |  0.3

Action                   |  1- 3 |  4- 6 || total
-------------------------+-------+-------++-------
Melee: Hand axe          |   124 |    75 ||   199
Invok: Trog's Hand       |       |     2 ||     2
       Berserk           |       |     1 ||     1
  Use: Potion            |       |     7 ||     7
Armor: Animal skin       |    13 |       ||    13
       Ring mail         |    30 |    36 ||    66
Dodge: Dodged            |    88 |    50 ||   138

Table legend: (Time is in decaauts)
 A = Elapsed time spent in this place.
 B = Non-inter-level travel time spent in this place.
 C = Inter-level travel time spent in this place.
 D = Time resting spent in this place.
 E = Time spent auto-exploring this place.
 F = Levels seen in this place.
 G = Mean time per level.
                   A        B        C        D        E       F      G
               +--------+--------+--------+--------+--------+-----+--------+
         Total |   3091 |   3091 |      0 |      0 |   2182 |   5 |  618.2 |
       Dungeon |   3049 |   3049 |      0 |      0 |   2182 |   4 |  762.2 |
       Ossuary |     42 |     42 |      0 |      0 |      0 |   1 |   42.0 |
               +--------+--------+--------+--------+--------+-----+--------+

Top non-repeatable levels by time:
     D:3: 1088 daAuts
     D:1: 989 daAuts
     D:2: 903 daAuts
     D:4: 67 daAuts
 Ossuary: 42 daAuts
